 Dungeon Crawl Stone Soup version 0.29-a0-275-g389c0b56f3 (webtiles) character file.

Game seed: 6226370912801630601

1 spaghetti the Caller (level 1, -4/13 HPs)
             Began as a Mummy Summoner on Mar 10, 2022.
             Slain by Terence
             ... wielding a +0 mace
              (8 damage)
             ... on level 1 of the Dungeon.
             The game lasted 00:00:14 (63 turns).

spaghetti the Caller (Mummy Summoner)                 Turns: 63, Time: 00:00:15

Health: -4/13      AC:  2    Str: 11    XL:     1   Next: 16%
Magic:  1/4        EV: 12    Int: 14    God:
Gold:   0          SH:  0    Dex: 12    Spells: 4/5 levels left

rFire   x . .      SeeInvis .   (no weapon)
rCold   + . .      Faith    .   (no shield)
rNeg    + + +      Spirit   .   a - +0 robe rPois โˆž Reflect .
                                (no helmet)
rElec   .          Harm     .   (no cloak)
rCorr   .          Rampage  .   (no gloves)
Will    .....                   (no boots)
Stlth   ++........              (no amulet)
HPRegen 0.04/turn               (no ring)
MPRegen 0.09/turn               (no ring)

@: no status effects
A: cold resistance 1, negative energy resistance 3, torment resistance 2, heat
vulnerability 1, no potions
a: no special abilities


You were on level 1 of the Dungeon.
You visited 1 branch of the dungeon, and saw 2 of its levels.


Innate Abilities, Weirdness & Mutations

You are immune to poison.
Your flesh is cold resistant. (rC+)
You are immune to negative energy. (rN+++)
You are immune to unholy pain and torment.
You are vulnerable to heat. (rF-)
You do not drink.


   Skills:
 - Level 1.5 Dodging
 - Level 1.5 Stealth
 - Level 2.6 Spellcasting
 + Level 3.3 Summonings


You had 4 spell levels left.
You knew the following spells:

 Your Spells              Type           Power      Damage    Failure   Level
a - Summon Small Mammal   Summ           44%        N/A       5%          1

Your spell library contained the following spells:

 Spells                   Type           Power      Damage    Failure   Level
 Call Imp                 Summ           11%        N/A       9%          2
 Call Canine Familiar     Summ           11%        N/A       17%         3
 Summon Guardian Golem    Hex/Summ       6%         N/A       32%         3
 Summon Lightning Spire   Summ/Air       6%         N/A       73%         4

Inventory:

Armour
 a - a +0 robe (worn)

Dungeon Overview and Level Annotations

Branches:
Dungeon (2/15)

Altars:

Annotations:
D:1 Jessica, Terence

#### ...# ###.$.###
#.>.....#
############.......l.
......r@@ยง@r.......##
##############...###
...# #### .# .. # .#
#. .#


You could see Terence (ally target), Jessica, a quokka and a friendly rat
(summoned).


Message History

An endoplasm is nearby!
An endoplasm is nearby!
An endoplasm is nearby!
An endoplasm is nearby!
Casting: Summon Small Mammal (safe; 6% risk of failure)
Press: ? - help, Q - select action Dir - look around, f - activate ๐Ÿ˜Ž MP[-1]
You lost 1 mp, and now have 3/4 mp.
Casting: Summon Small Mammal (safe; 6% risk of failure)
Press: ? - help, Q - select action Dir - look around, f - activate ๐Ÿ˜Ž MP[-1]
You lost 1 mp, and now have 2/4 mp.
What are your orders? t - Shout!
Orders for allies: a - Attack new target. r - Retreat! s - Stop attacking. g - Guard the area. f - Follow me.
Anything else - Cancel.
Gang up on whom?
Press: ? - help, Dir - move target, f - endoplasm
Aim: an endoplasm (ally target) Attack!
Your rat bites the endoplasm.
Your bat hits the endoplasm but does no damage.
Your rat bites the endoplasm.
The endoplasm completely misses you.
Your bat hits the endoplasm.
Your rat bites the endoplasm.
The endoplasm dies!
Your rat disappears in a puff of smoke!
A sourceless malevolence fills the Dungeon...
You fall into a shaft and drop 1 floor!
The shaft crumbles and collapses.
Jessica the Apprentice Sorceress comes into view.
She is wielding a +0 club.
Found a ring mail and a robe.
Found a stone staircase leading up. ๐Ÿ˜Ž MP[+2]
Your mp is fully restored (4).
Unknown command.
Unknown command.
Casting: Summon Small Mammal (safe; 5% risk of failure)
Press: ? - help, Q - select action Dir - look around, f - activate ๐Ÿ˜Ž MP[-1]
You lost 1 mp, and now have 3/4 mp.
Casting: Summon Small Mammal (safe; 5% risk of failure)
Press: ? - help, Q - select action Dir - look around, f - activate Your bat hits Jessica.
Jessica shouts! ๐Ÿ˜Ž MP[-1]
You lost 1 mp, and now have 2/4 mp.
What are your orders? t - Shout!
Orders for allies: a - Attack new target. r - Retreat! s - Stop attacking. g - Guard the area. f - Follow me.
Anything else - Cancel.
Gang up on whom?
Press: ? - help, Dir - move target, f - Jessica
Aim: Jessica, wielding a +0 club and wearing a +0 robe (lightly wounded, ally target) Attack!
Your bat closely misses Jessica.
Jessica hits your bat with a +0 club.
Your bat dies!
Your bat's corpse disappears in a puff of smoke!
Terence the Incautious comes into view.
He is wielding a +0 mace.
Unknown command.
Your bat barely misses Jessica.
Your bat hits Jessica but does no damage.
Jessica closely misses you.
Your bat hits Jessica but does no damage.
Jessica barely misses you.
Your bat closely misses Jessica.
Terence hits you with a +0 mace.
There is a stone staircase leading up here. ๐Ÿ˜ฎ HP[-6]
You take 6 damage, and now have 7/13 hp.
MASSIVE DAMAGE!! (PAUSE) Unknown command.
Your bat hits Terence but does no damage.
Terence hits you with a +0 mace.
* * * LOW HITPOINT WARNING * * *
Jessica barely misses you.
You climb upwards.
Your summoned ally is left behind.
There is a stone staircase leading down here. ๐Ÿ˜จ HP[-3]
You take 3 damage, and now have 4/13 hp.
MASSIVE DAMAGE!! (PAUSE) Unknown command.
Unknown command. ๐Ÿ˜จ MP[+1] Terence attacks as you move away!
Terence closely misses you. Jessica attacks as you move away!
Jessica barely misses you.
Jessica mumbles some strange words.
Jessica blinks!
Casting: Summon Small Mammal (safe; 5% risk of failure)
Press: ? - help, Q - select action Dir - look around, f - activate ๐Ÿ˜จ MP[-1]
You lost 1 mp, and now have 2/4 mp.
Casting: Summon Small Mammal (safe; 5% risk of failure)
Press: ? - help, Q - select action Dir - look around, f - activate Jessica looks very angry.
Jessica hits your bat with a +0 club.
Your bat dies!
Your bat's corpse disappears in a puff of smoke!
Terence hits you with a +0 mace!
Ouch! That really hurt!
You die...

Action                   || total
-------------------------++-------
 Cast: Summon Small Mamm ||     6
Dodge: Dodged            ||     6

Levels and vault maps discovered:
D:1:      minmay_arrival_wavy_path, layout_loops_ring, minmay_tree_intersection,
          fountainhead
D:2:      layout_basic, serial_shops, shop, shop, nicolae_square_shop,
          nicolae_square_shop, shapermc_ecumenical_altar_mp_highgroup,
          basic_altar, uniq_jessica, uniq_terence

Notes
Turn   | Place    | Note
-------+----------+-------------------------------------------
     0 | D:1      | spaghetti the Mummy Summoner began the quest for the Orb.
     0 | D:1      | Reached XP level 1. HP: 13/13 MP: 4/4
     0 | D:1      | magus.rc [v1.9.6]
    46 | D:1      | You fall into a shaft and drop 1 floor!
    46 | D:2      | Noticed Jessica
    49 | D:2      | Noticed Terence
    63 | D:1      | Slain by Terence

Vanquished Creatures (collateral kills)
  An endoplasm (D:1)
1 creature vanquished.

Table legend:
 A = Non-vault XP
 B = Vault XP
 C = Vault XP percentage of total XP
 D = Non-vault monster count
 E = Vault monster count
 F = Vault count percentage of total count
                 A         B        C        D         E       F
            +---------+---------+-------+---------+---------+-------
      Total |       2 |       0 |   0.0 |       1 |       0 |   0.0
            +---------+---------+-------+---------+---------+-------
        D:1 |       2 |       0 |   0.0 |       1 |       0 |   0.0
            +---------+---------+-------+---------+---------+-------

Illustrated notes

Table legend:
 A = Kills in this place as a percentage of kills in entire the game.
 B = Kills by you in this place as a percentage of kills by you in the entire game.
 C = Kills by friends in this place as a percentage of kills by friends in the entire game.
 D = Other kills in this place as a percentage of other kills in the entire game.
 E = Experience gained in this place as a percentage of experience gained in the entire game.
 F = Experience gained in this place divided by the number of levels of this place that you have seen.
                   A       B       C       D       E      F
               +-------+-------+-------+-------+-------+----------------------
         Total | 100.0 |   N/A | 100.0 |   N/A | 100.0 |   1.0
       Dungeon | 100.0 |   N/A | 100.0 |   N/A | 100.0 |   1.0
               +-------+-------+-------+-------+-------+----------------------

Table legend: (Time is in decaauts)
 A = Elapsed time spent in this place.
 B = Non-inter-level travel time spent in this place.
 C = Inter-level travel time spent in this place.
 D = Time resting spent in this place.
 E = Time spent auto-exploring this place.
 F = Levels seen in this place.
 G = Mean time per level.
                   A        B        C        D        E       F      G
               +--------+--------+--------+--------+--------+-----+--------+
         Total |     63 |     63 |      0 |      0 |     38 |   2 |   31.5 |
       Dungeon |     63 |     63 |      0 |      0 |     38 |   2 |   31.5 |
               +--------+--------+--------+--------+--------+-----+--------+

Top non-repeatable levels by time:
     D:1: 54 daAuts
     D:2: 8 daAuts
